 Dungeon Crawl Stone Soup version 0.28.0 (webtiles) character file.

Game seed: 13502855203765748970

191 lonewolfV2 the Ducker (level 5, -1/25 HPs)
             Began as a Felid Berserker on Feb 9, 2022.
             Was a Follower of Trog.
             Slain by a river rat (9 damage)
             ... summoned by Eustachio
             ... on level 4 of the Dungeon.
             The game lasted 00:04:29 (3854 turns).

lonewolfV2 the Ducker (Felid Berserker)             Turns: 3854, Time: 00:04:29

Health: -1/25      AC:  2    Str: 15    XL:     5   Next: 42%
Magic:  6/6        EV: 20    Int:  8    God:    Trog [*.....]
Gold:   91         SH:  0    Dex: 16    Spells: 4/4 levels left
                                        Lives:  0   Deaths: 1

rFire   . . .      SeeInvis +     - Unarmed
rCold   + . .      Faith    .   (shield unavailable)
rNeg    . . .      Spirit   .   (armour unavailable)
rPois   .          Reflect  .   (helmet unavailable)
rElec   .          Harm     .   (cloak unavailable)
rCorr   .          Rampage  .   (gloves unavailable)
Will    .....                   (boots unavailable)
Stlth   ++........              (no amulet)
HPRegen 0.08/turn               c - ring of protection from cold
MPRegen 0.10/turn               (no ring)

@: on berserk cooldown, slowed, slow
A: very small, claws 1, fangs 3, see invisible, speed 1, shaggy fur 2, stealthy
paws, no weapons or thrown items, no armour, multi-lived
a: Renounce Religion, Berserk


You were on level 4 of the Dungeon.
You worshipped Trog.
Trog was aware of your devotion.
You visited 1 branch of the dungeon, and saw 4 of its levels.

You collected 91 gold pieces.

Inventory:

Jewellery
 c - a ring of protection from cold (left paw)
 d - a ring of fire
Scrolls
 f - a scroll of vulnerability
 i - 2 scrolls of teleportation
Potions
 a - 2 potions of attraction
 e - a potion of heal wounds {unknown}
 g - a potion of degeneration {unknown}
 h - a potion of flight {unknown}
 j - a potion of might {unknown}
 l - a potion of mutation {unknown}


   Skills:
 + Level 4.1 Fighting
 + Level 5.8 Dodging
 + Level 1.6 Stealth
 + Level 5.4 Unarmed Combat


You had 4 spell levels left.
You didn't know any spells.
Your spell library was empty.

Dungeon Overview and Level Annotations

Branches:
Dungeon (4/15)
 Temple: D:4-7

Altars:
Dithmenos
Okawaru

Annotations:
D:3 2 runed translucent doors, JuniperTheExplorer's ghost, amateur GrFi
D:4 Eustachio


Innate Abilities, Weirdness & Mutations

You have sharp claws.
You have razor-sharp teeth.
You have supernaturally acute eyesight. (SInv)
You cover ground quickly. (Speed+)
You are covered in thick fur. (AC +2)
Your paws help you pounce on unaware monsters.
You are incapable of wielding weapons or throwing items.
You cannot wear armour.
You gain extra lives every three experience levels.


Message History

Things that are here:
a +0 halberd; a gnoll corpse You scratch Eustachio.
Eustachio is lightly wounded.
Eustachio closely misses you. Eustachio barely misses you.
You closely miss Eustachio. You bite Eustachio.
Eustachio is moderately wounded.
Eustachio closely misses you.
You scratch Eustachio.
Eustachio is moderately wounded.
Eustachio casts a spell.
You barely miss Eustachio.
Eustachio is moderately wounded.
Eustachio gestures wildly while chanting.
The river rat bites you.
* * * LOW HITPOINT WARNING * * *
Eustachio brags, "I can call spirits from the vasty deep."
Eustachio misses you.
Okay, then.
You barely miss Eustachio.
Eustachio is moderately wounded.
The river rat barely misses you. Eustachio hits you with a +0 rapier.
* * * LOW HITPOINT WARNING * * *
The crimson imp blinks!
The quokka bites you.
* * * LOW HITPOINT WARNING * * *
You closely miss Eustachio.
Eustachio is moderately wounded.
The river rat closely misses you.
Eustachio casts a spell.
Eustachio blinks!
The quokka barely misses you. The river rat bites you.
* * * LOW HITPOINT WARNING * * *
The quokka misses you. The quokka closely misses you.
The river rat closely misses you.
Things that are here:
a +0 club; a gnoll corpse Unknown command.
There are monsters nearby!
It was a potion of curing.
You feel better. The quokka misses you. The river rat bites you!
You die...

$ .
.##+##+####.
............
####.......
§..5.......[
#).#.......
...†........
#).#...l...
............
#.)#.......
####5####...
#r.#..§....
#.......#
#r@#....#
#.⌠...⌠.#
#..#....#
#.......#
#..'....+
'...⌠...+
####5...#
#.......#
....#
#.⌠...⌠.#
..@.#
#.......#
....#
####+####
....# .#
#+#..


You could see Eustachio, a crimson imp (summoned), a river rat (summoned) and a
quokka (summoned).

Vanquished Creatures
  Sigmund (D:2)
  A scorpion (D:3)
  Natasha (D:2)
  4 gnolls (D:4)
  2 adders
  A worm (D:2)
  2 dart slugs
  2 endoplasms (D:1)
  2 giant cockroaches
  A goblin (D:1)
  2 hobgoblins
  2 ball pythons
  5 bats
  2 frilled lizards
  4 kobolds
  9 rats
41 creatures vanquished.

Vanquished Creatures (others)
  A plant (D:2)
1 creature vanquished.

Grand Total: 42 creatures vanquished

Notes
Turn   | Place    | Note
-------+----------+-------------------------------------------
     0 | D:1      | lonewolfV2 the Felid Berserker began the quest for the Orb.
     0 | D:1      | Reached XP level 1. HP: 10/10 MP: 2/2
   287 | D:1      | Reached XP level 2. HP: 14/14 MP: 3/3
  1412 | D:2      | Noticed Sigmund
  1435 | D:2      | Killed Sigmund
  1436 | D:2      | Reached skill level 5 in Dodging
  1436 | D:2      | Reached skill level 1 in Stealth
  1436 | D:2      | Reached XP level 3. HP: 6/18 MP: 4/4
  1436 | D:2      | Reached XP level 4. HP: 7/22 MP: 5/5
  1436 | D:2      | Reached XP level 5. HP: 8/25 MP: 6/6
  1981 | D:2      | Found a faded altar of an unknown god.
  2526 | D:2      | Noticed Natasha
  2532 | D:2      | Killed Natasha
  2861 | D:3      | Reached skill level 5 in Unarmed Combat
  3076 | D:3      | Found an iron altar of Okawaru.
  3416 | D:3      | Gained mutation: You are covered in thick fur. (AC +2)
                  | [Felid growth]
  3416 | D:3      | Reached XP level 6. HP: 28/28 MP: 7/7
  3434 | D:3      | Found a shadowy altar of Dithmenos.
  3488 | D:3      | Identified the +0 leather armour of Zin's Scorn {Int+2}
  3537 | D:3      | Found a runed translucent door.
  3539 | D:3      | Noticed JuniperTheExplorer's ghost (amateur GrFi)
  3575 | D:3      | Found a runed translucent door.
  3715 | D:4      | Noticed Eustachio
  3731 | D:4      | Killed from afar by a white imp
  3732 | D:4      | Reached XP level 5. HP: 0/25 MP: 6/6
  3852 | D:4      | HP: 1/25 [river rat[Eustachio] (3)]
  3854 | D:4      | Slain by a river rat

Illustrated notes

Levels and vault maps discovered:
D:1:      psy_arrival_dodecagon, layout_basic, interstate_on_off,
          serial_bayou_pond_e, minmay_rat_gold_closets
D:2:      layout_loops_corners, dreamdust_ecumenical_altar_grove, uniq_sigmund,
          uniq_natasha
D:3:      layout_loops_corners, mainiacjoe_overflow_boulevard,
          mainiacjoe_overflow_alcove_1, ebering_ghost_sewer_f, chequers_avenue
D:4:      layout_gridville, grunt_gozag_statues, minivault_25,
          minmay_misc_feat_rugged, minmay_fountain_box, uniq_duvessa,
          uniq_eustachio

Skill      XL: |  1  2  3  4  5 |
---------------+----------------+-----
Fighting       | 4 |  4.1
Dodging        | 5 |  5.8
Stealth        | 1 |  1.6
Unarmed Combat | 4 5 |  5.4

Action                   |  1- 3 |  4- 6 || total
-------------------------+-------+-------++-------
Melee: Unarmed           |    67 |    63 ||   130
       Bite              |     5 |     4 ||     9
       Punch             |     1 |     3 ||     4
Invok: Berserk           |     2 |     4 ||     6
  Use: Scroll            |     2 |     3 ||     5
       Potion            |       |     1 ||     1
 Stab: Sleeping          |     1 |     1 ||     2
Armor: Skin              |     4 |     3 ||     7
Dodge: Dodged            |    59 |    65 ||   124
